cohdb
Replays
Latest Replays
All Replays
Popular Replays
Top Player Replays
Match Explorer
How It Works
Community
CoH3 Stats
Reddit
Sign in to upload your games and track your stats! →
Sign in with Steam
Match 42396933
Unlisted
Match 42396933
Overview
Messages
Build Orders
End
Kettenkrad Recon Vehicle
Construct Infanterie Kompanie
Grenadier Squad
Grenadier Squad
GrW 34 Mortar Team
Construct Panzergrenadier Kompanie
251 Medium Carrier
Pak 40 Anti-tank Gun Team
Pioneer Squad
Panzergrenadier Officer Quarters
Selects Italian Coastal Battlegroup
Selects Designate Defensive Line
Designate Defensive Line
Selects Rapid Fortifications
Rapid Fortifications
Medical Bunker
Selects Coastal Reserves
Selects Artillery Officer
Panzergrenadier Squad
Artillery Officer
Selects Call the Reserves!
Call the Reserves!
Construct Panzer Kompanie
HulkSMASH
⚓️Ruby⚓
fenerx
Trivolka
0
0
Comments
sign in to comment!
No comments posted yet!